 Dungeon Crawl Stone Soup version 0.31-a0-236-g9a0961fb85 (webtiles) character file.

Game seed: 18067233124442441339

132 protoss039 the Digger (level 4, -1/34 HPs)
             Began as a Demonspawn Earth Elementalist on July 10, 2023.
             Slain by an orc wizard
             ... wielding a +1 dagger of pain
              (5 damage)
             ... on level 3 of the Dungeon.
             The game lasted 00:03:13 (2335 turns).

protoss039 the Digger (DsEE)                        Turns: 2335, Time: 00:03:14

Health: -1/34      AC:  2    Str:  9    XL:     4   Next: 92%
Magic:  5/8        EV: 12    Int: 18    God:
Gold:   184        SH:  0    Dex: 13    Spells: 5/8 levels left

rFire   x . .        p - +1 dagger (venom)
rCold   + . .        (no shield)
rNeg    . . .        a - +0 robe
rPois   .            (no helmet)
rElec   .            (no cloak)
rCorr   .            (no gloves)
SInv    +            (no boots)
Will    .....        u - amulet of regeneration
Stlth   ++           m - ring of see invisible
HPRegen 1.05/turn    f - ring of ice
MPRegen 0.11/turn

%: no passive effects
@: about to teleport
A: condensation shield, demonic touch 1
a: no special abilities


You were on level 3 of the Dungeon.
You visited 1 branch of the dungeon, and saw 3 of its levels.

You collected 184 gold pieces.

Inventory:

Hand Weapons
 p - a +1 dagger of venom (weapon)
Missiles
 q - 4 atropa-tipped darts
 t - 11 poisoned darts
Armour
 a - a +0 robe (worn)
Magical Staves
 l - a staff of poison
Jewellery
 c - an amulet of the acrobat
 f - a ring of ice (right hand)
 m - a ring of see invisible (left hand)
 u - an amulet of regeneration (around neck)
Wands
 w - a wand of acid (4)
Scrolls
 e - a scroll of teleportation
 g - a scroll of identify {unknown}
 h - 2 scrolls of immolation {unknown}
 i - 2 scrolls of amnesia {unknown}
 j - 2 scrolls of fog {unknown}
 n - a scroll of fear {unknown}
 o - a scroll of revelation {unknown}
Potions
 b - 2 potions of magic
 d - 2 potions of lignification {unknown}
 k - 2 potions of curing {unknown}
 r - a potion of might {unknown}
 s - a potion of attraction {unknown}
 v - 3 potions of invisibility {unknown}


   Skills:
 * Level 2.6 Fighting
 - Level 2.0 Dodging
 - Level 2.0 Stealth
 + Level 2.9 Spellcasting
 - Level 1.2 Transmutations
 + Level 3.4 Earth Magic


You had 5 spell levels left.
You knew the following spells:

 Your Spells              Type           Power      Damage    Failure   Level
a - Sandblast             Erth           28%        2d8       4%          1
b - Passwall              Tmut/Erth      8%         N/A       10%         2

Your spell library contained the following spells:

 Spells                   Type           Power      Damage    Failure   Level
 Summon Small Mammal      Summ           8%         N/A       17%         1
 Stone Arrow              Conj/Erth      16%        3d8       24%         3
 Scorch                   Fire           4%         2d5       26%         2
 Petrify                  Tmut/Erth      10%        N/A       54%         4
 Flame Wave               Conj/Fire      2%         2d4       86%         4
 Summon Ice Beast         Ice/Summ       3%         N/A       86%         4
 Metabolic Englaciation   Hex/Ice        1%         N/A       99%         5
 Summon Forest            Summ/Tloc      1%         N/A       99%         5
 Plasma Beam              Fire/Air       1%         2x1d11    100%        6
 Statue Form              Tmut/Erth      6%         N/A       100%        6
 Summon Cactus Giant      Summ           1%         N/A       100%        6


Dungeon Overview and Level Annotations

Branches:
Dungeon (3/15) Zot: 15646

Altars:
Cheibriados
Hepliaklqana
Trog

Shops:
D:3 (

Annotations:
D:3 1 transporter


Innate Abilities, Weirdness & Mutations

A meltable shield of frost defends you. (SH +0)
Your touch may inflict minor irresistible damage on your foes.


Message History

The orc priest calls upon Beogh to heal the orc wizard.
The orc wizard is healed somewhat.
The orc hits you with a +0 hand axe. The orc completely misses you.
Unknown command.
Casting: Sandblast (safe; 4% risk of failure)
Confirm with . or Enter, or press ? or * to list all spells.
Aiming: Sandblast (safe; 4% risk of failure)
Press: ? - help, Shift-Dir - straight line, f/p - orc wizard
Aim: an orc wizard, wielding a +1 dagger of pain and wearing a +0 robe (moderately wounded, 77% to hit)
Okay, then.
As you read the scroll of teleportation, it crumbles to dust.
You feel strangely unstable. The orc barely misses you.
The orc closely misses you.
Unknown command.
Unknown command.
Casting: Sandblast (safe; 4% risk of failure)
Confirm with . or Enter, or press ? or * to list all spells.
Aiming: Sandblast (safe; 4% risk of failure)
Press: ? - help, Shift-Dir - straight line, f/p - orc wizard
Aim: an orc wizard, wielding a +1 dagger of pain and wearing a +0 robe (moderately wounded, 77% to hit)
The blast of sand hits the orc wizard!
The orc wizard is almost dead.
The orc wizard hits you with a +1 dagger of pain.
You writhe in agony.
The orc hits you with a +0 hand axe! The orc misses you.
The orc hits you with a +1 hand axe of flaming!
* * * LOW HITPOINT WARNING * * *
The orc burns you.
* * * LOW HITPOINT WARNING * * *
Unknown command.
Unknown command.
Casting: Sandblast (safe; 4% risk of failure)
Confirm with . or Enter, or press ? or * to list all spells.
Aiming: Sandblast (safe; 4% risk of failure)
Press: ? - help, Shift-Dir - straight line, f/p - orc wizard
Aim: an orc wizard, wielding a +1 dagger of pain and wearing a +0 robe (almost dead, 77% to hit)
Okay, then.
Okay, then.
The orc wizard attacks as you move away!
The orc wizard hits you with a +1 dagger of pain.
You die...

##### ..#.#
..........._. ....##
........._8_ ...##.##
###........._. ..## ...
.$........... #..###.#
#..........# ##...#.###
#..........#
###.#...####..ooo.....#
###........)....@o....#
....#.....###....o.....#
########...............#
#####...$....<..#
#..รท........#
#.<.........#
##.........## #
##.......## .#####
#.#######


You could see an orc priest, an orc wizard and 3 orcs.

Vanquished Creatures
  Jessica (D:2)
  Terence (D:3)
  4 adders
  A worm (D:2)
  A dart slug (D:2)
  An orc (D:3)
  3 endoplasms
  2 giant cockroaches
  A goblin (D:2)
  4 quokkas
  7 ball pythons
  3 bats
  5 frilled lizards (D:1)
  5 kobolds
  4 rats
43 creatures vanquished.

Notes
Turn   | Place    | Note
-------+----------+-------------------------------------------
     0 | D:1      | protoss039 the Demonspawn Earth Elementalist began the
                  | quest for the Orb.
     0 | D:1      | Reached XP level 1. HP: 13/13 MP: 3/3
   173 | D:1      | Reached skill level 1 in Transmutations
   466 | D:1      | Gained mutation: Your touch may inflict minor irresistible
                  | damage on your foes. [demonic ancestry]
   466 | D:1      | Reached XP level 2. HP: 19/19 MP: 3/5
   761 | D:1      | Found a faded altar of an unknown god.
  1046 | D:1      | Learned a level 2 spell: Passwall
  1285 | D:2      | Reached skill level 1 in Fighting
  1285 | D:2      | Reached skill level 3 in Earth Magic
  1285 | D:2      | Reached XP level 3. HP: 24/26 MP: 2/6
  1328 | D:2      | Noticed Jessica
  1331 | D:2      | Killed Jessica
  1422 | D:2      | Gained mutation: A meltable shield of frost defends you.
                  | (SH +0) [demonic ancestry]
  1422 | D:2      | Reached XP level 4. HP: 33/33 MP: 5/7
  1787 | D:2      | Got Imyces's Directory of Conduction and the Union
  2023 | D:3      | Noticed Terence
  2029 | D:3      | Killed Terence
  2184 | D:3      | Found Didurade's Antique Weapon Emporium.
  2289 | D:3      | Found a transporter.
  2329 | D:3      | Found a snail-covered altar of Cheibriados.
  2329 | D:3      | Found a bloodstained altar of Trog.
  2330 | D:3      | Found a hazy altar of Hepliaklqana.
  2335 | D:3      | Slain by an orc wizard

Illustrated notes

Levels and vault maps discovered:
D:1:      erik_arrival_triangle_large, layout_basic,
          shapermc_ecumenical_altar_ellora, kennysheep_flooded_box
D:2:      layout_basic, guppyfry_early_lair_pool, uniq_jessica
D:3:      gammafunk_wand_slinger, layout_rooms,
          chequers_temple_overflow_statue_of_worship, ebering_ghost_sewer_d,
          serial_shops, shop, uniq_terence

Skill      XL: |  1  2  3  4 |
---------------+-------------+-----
Transmutations | 1 |  1.2
Stealth        | 2 |  2.0
Dodging        | 2 |  2.0
Fighting       | 1 2 |  2.6
Earth Magic    | 3 |  3.4
Spellcasting   | |  2.9

Action                     |  1- 3 |  4- 6 || total
---------------------------+-------+-------++-------
  Melee: Dagger            |    10 |    26 ||    36
         Touch             |     3 |     5 ||     8
   Cast: Sandblast         |    25 |    16 ||    41
    Use: Scroll            |       |     4 ||     4
   Stab: Sleeping          |     2 |     2 ||     4
 Armour: Robe              |       |     4 ||     4
  Dodge: Dodged            |     7 |    32 ||    39
  Block: Other             |       |     3 ||     3

Table legend: (Time is in decaauts)
 A = Elapsed time spent in this place.
 B = Non-inter-level travel time spent in this place.
 C = Inter-level travel time spent in this place.
 D = Time resting spent in this place.
 E = Time spent auto-exploring this place.
 F = Levels seen in this place.
 G = Mean time per level.
                   A        B        C        D        E       F      G
               +--------+--------+--------+--------+--------+-----+--------+
         Total |   2353 |   2233 |    120 |     14 |   1905 |   3 |  784.3 |
       Dungeon |   2353 |   2233 |    120 |     14 |   1905 |   3 |  784.3 |
               +--------+--------+--------+--------+--------+-----+--------+

Top non-repeatable levels by time:
     D:1: 1090 daAuts
     D:2: 945 daAuts
     D:3: 318 daAuts
